 Dungeon Crawl Stone Soup version 0.18.1-50-g88ac8fd (webtiles) character file.

22 KarmaPolice the Sneak (level 2, -1/19 HPs)
             Began as a Vampire Enchanter on Oct 1, 2016.
             Slain by an ooze (2 damage)
             ... on level 1 of the Dungeon.
             The game lasted 00:01:22 (681 turns).

KarmaPolice the Sneak (Vampire Enchanter)            Turns: 681, Time: 00:01:22

Health: -1/19      AC:  3    Str:  7    XL:     2   Next: 68%
Magic:  1/5        EV: 12    Int: 17    God:
Gold:   26         SH:  0    Dex: 14    Spells: 2 memorised, 2 levels left

rFire  . . .     SeeInvis +     a - +1 dagger
rCold  . . .     Gourm    .     b - +1 robe
rNeg   + . .     Faith    .     (no shield)
rPois  .         Spirit   .     (no helmet)
rElec  .         Dismiss  .     (no cloak)
rCorr  .         Reflect  .     (no gloves)
SustAt .         Harm     .     (no boots)
MR     .....                    (no amulet)
Stlth  +++.......               (no ring)
                                (no ring)

@: not resistant to hostile enchantments, fairly stealthy
A: fangs 3, see invisible, unbreathing
a: no special abilities


You were on level 1 of the Dungeon.
You were not thirsty.

You visited 1 branch of the dungeon, and saw 1 of its levels.

You collected 26 gold pieces.

Inventory:

Hand Weapons
 a - a +1 dagger (weapon)
Armour
 b - a +1 robe (worn)
Scrolls
 e - a scroll of teleportation {unknown}
 g - a scroll of fog {unknown}
 h - a scroll of identify {unknown}
 j - a scroll of enchant armour {unknown}
 k - a scroll of amnesia {unknown}
Potions
 d - 5 potions of blood
 f - a potion of degeneration {unknown}
 i - a potion of curing {unknown}
Books
 c - a book of Maledictions

   Spells                             Type                      Level
   a - Corona                         Hexes                        1
   b - Ensorcelled Hibernation        Hexes/Ice                    2
   c - Confuse                        Hexes                        3
   d - Tukima's Dance                 Hexes                        3
   e - Dazzling Spray                 Conjuration/Hexes            3


   Skills:
 + Level 1.7 Short Blades
 - Level 2.1 Dodging
 + Level 5.0 Stealth
 + Level 2.3 Spellcasting
 + Level 4.6 Hexes


You had 2 spell levels left.
You knew the following spells:

 Your Spells              Type           Power        Failure   Level  Hunger
a - Corona                Hex            ###....      2%          1    #......
b - Ensorcelled Hibernat  Hex/Ice        #.....       14%         2    ###....


Dungeon Overview and Level Annotations

Branches:
Dungeon (1/15)

Altars:


Innate Abilities, Weirdness & Mutations

You have razor-sharp teeth.
You have supernaturally acute eyesight.
You can survive without breathing.


Message History

Press: ? - help, Shift-Dir - straight line, f - gnoll
Aim: a gnoll, wielding a flail (lightly wounded, chance to defeat MR: 50%)
The gnoll resists with some effort.
Casting: Ensorcelled Hibernation
Confirm with . or Enter, or press ? or * to list all spells.
Aiming: Ensorcelled Hibernation
Press: ? - help, Shift-Dir - straight line, f/p - gnoll
Aim: a gnoll, wielding a flail (lightly wounded, chance to defeat MR: 50%)
The gnoll resists with some effort.
The gnoll hits you with a flail.
* * * LOW HITPOINT WARNING * * *
Casting: Ensorcelled Hibernation
Confirm with . or Enter, or press ? or * to list all spells.
You don't have enough magic to cast that spell.
Unknown command.
An ooze comes into view.
The ooze quivers.
The ooze hits you.
* * * LOW HITPOINT WARNING * * *
The ooze hits you.
You die...

####...#....#.....#
###.......##..#######
#...####>.....# #.
#...#.........# .#
#...#....#...## .
#......#.....##### ##.###
#................# #.##..
###...######...#.####.#...
##...g.@.....'...##.#...
#####J......#.#....'...
#...(........#.#...
#.....%...##.#.#...
#....#.....#.#.##..
#....#####.#.##.###
#....##....#.# .
#....##......# .#
#.......########.


You could see a gnoll and an ooze.

Vanquished Creatures
  A giant gecko (D:1)
  5 goblins (D:1)
  4 hobgoblins (D:1)
  2 kobolds (D:1)
  3 bats (D:1)
  3 giant newts (D:1)
18 creatures vanquished.

Notes
Turn   | Place    | Note
--------------------------------------------------------------
     0 | D:1      | KarmaPolice the Vampire Enchanter began the quest for the Orb.
     0 | D:1      | Reached XP level 1. HP: 13/13 MP: 3/3
   252 | D:1      | Reached XP level 2. HP: 19/19 MP: 5/5
   256 | D:1      | Learned a level 2 spell: Ensorcelled Hibernation
   632 | D:1      | Reached skill level 5 in Stealth
   681 | D:1      | Slain by an ooze

Skill      XL: |  1  2 |
---------------+-------+-----
Stealth        | 5 |  5.0
Short Blades   | |  1.7
Dodging        | |  2.1
Spellcasting   | |  2.3
Hexes          | |  4.6

Action                   || total
-------------------------++-------
Melee: Dagger            ||    61
       Bite              ||     3
 Cast: Ensorcelled Hiber ||     2
 Stab: Sleeping          ||     4
Armor: Robe              ||    13
Dodge: Dodged            ||    46
